 Dungeon Crawl Stone Soup version 0.29-a0-275-g389c0b56f3 (webtiles) character file.

Game seed: 14451953346845627383

629 Leszczynek the Chopper (level 7, -1/54 HPs)
             Began as a Human Gladiator on Mar 11, 2022.
             Was a Believer of Qazlal.
             Slain by a sky beast (2 damage)
             ... on level 4 of the Dungeon.
             The game lasted 00:08:50 (1673 turns).

Leszczynek the Chopper (Human Gladiator)            Turns: 1673, Time: 00:08:51

Health: -1/54      AC:  6    Str: 16    XL:     7   Next: 77%
Magic:  8/8        EV: 11    Int:  9    God:    Qazlal [**....]
Gold:   130        SH:  2    Dex: 14    Spells: 6/6 levels left

rFire   . . .      SeeInvis .   a - +0 war axe
rCold   . . .      Faith    .   (no shield)
rNeg    . . .      Spirit   .   f - +0 ring mail
rPois   .          Reflect  .   c - +0 helmet
rElec   .          Harm     .   (no cloak)
rCorr   .          Rampage  .   (no gloves)
Will    .....                   (no boots)
Stlth   +.........              (no amulet)
HPRegen 0.18/turn               (no ring)
MPRegen 0.11/turn               (no ring)

@: no status effects
A: no striking features
a: Renounce Religion, Upheaval


You were on level 4 of the Dungeon.
You worshipped Qazlal.
Qazlal was pleased with you.
You visited 1 branch of the dungeon, and saw 5 of its levels.

You collected 130 gold pieces.

Inventory:

Hand Weapons
 a - a +0 war axe (weapon)
Missiles
 d - 3 throwing nets
 e - a javelin (quivered)
 j - 5 poisoned darts
Armour
 b - a +0 leather armour
 c - a +0 helmet (worn)
 f - a +0 ring mail (worn)
Scrolls
 g - 3 scrolls of identify {unknown}
 h - a scroll of teleportation {unknown}
 m - a scroll of enchant armour {unknown}
 n - a scroll of amnesia {unknown}
Potions
 k - a potion of heal wounds {@q2}
 l - a potion of berserk rage {!q}


   Skills:
 - Level 4.2 Fighting
 * Level 7.1 Axes
 - Level 2.0 Throwing
 - Level 3.0 Dodging
 + Level 2.2 Invocations


You had 6 spell levels left.
You didn't know any spells.
Your spell library contained the following spells:

 Spells                   Type           Power      Damage    Failure   Level
 Sublimation of Blood     Necr           0%         N/A       75%         2
 Petrify                  Tmut/Erth      0%         N/A       100%        4
 Irradiate                Conj/Tmut      0%         3d13      100%        5


Dungeon Overview and Level Annotations

Branches:
Dungeon (5/15)
 Temple: D:4-7

Altars:
Gozag
Qazlal
Xom

Shops:
D:1 :


Message History

You feel sick. The adder barely misses you.
The adder bites you but does no damage.
You closely miss the adder.
The adder is lightly wounded.
You hit the sky beast but do no damage.
You feel sick. The adder barely misses you.
The sky beast flickers out of sight!
Deactivating autopickup; reactivate with Ctrl-A.
Something hits you but does no damage.
Unknown command.
You closely miss the adder.
The adder is lightly wounded.
You closely miss something.
You feel sick.
You are no longer poisoned.
The adder closely misses you. Something hits you. Something shocks you.
The adder is struck by lightning.
You kill the adder!
Qazlal accepts your kill.
No target in view!
You barely miss something. Something hits you. Something shocks you.
You hit something. Something hits you but does no damage.
You miss something.
Something hits you but does no damage. x2
You closely miss something. Something hits you. Something shocks you.
You miss something. Something hits you.
* * * LOW HITPOINT WARNING * * *
Something shocks you.
* * * LOW HITPOINT WARNING * * *
You closely miss something. Something hits you but does no damage.
You miss something. Something hits you but does no damage.
You hit something. Something hits you but does no damage.
You miss something. You block something's attack.
Something hits you but does no damage.
You closely miss something. Something hits you but does no damage.
You hit something but do no damage. Something hits you.
* * * LOW HITPOINT WARNING * * *
Something shocks you.
* * * LOW HITPOINT WARNING * * *
Aiming: Upheaval
Press: ? - help, Dir - move target You fail to use your ability.
Something hits you.
You die...

...# ########### ...# ....##....#
...# ..........# ...# ..........#
...# ..........###### ...##
....##....##...##....#
....###'####....@{...#
....##....##.........#
.....'.........##...#######
.....#>........########...##
.....#..........#.....#....# ..#
.....#..........#.....#....# ..#
#######'######+##.....#....# ...#
.............<..#....##...##....#
............>.).#....##..(##....#


There were no monsters in sight!

Vanquished Creatures
  An ogre (D:4)
  3 phantoms
  A necrophage (D:4)
  2 scorpions (D:5)
  A jelly (D:5)
  An orc wizard (D:4)
  4 adders
  2 worms (D:3)
  A dart slug (D:4)
  9 orcs
  An endoplasm (D:4)
  A goblin (D:2)
  5 hobgoblins
  An iguana (D:5)
  8 jackals
  4 kobolds
  A quokka (D:3)
  2 ball pythons
  2 bats
  A frilled lizard (D:3)
  2 rats
53 creatures vanquished.

Vanquished Creatures (others)
  7 plants (D:2)
7 creatures vanquished.

Grand Total: 60 creatures vanquished

Notes
Turn   | Place    | Note
-------+----------+-------------------------------------------
     0 | D:1      | Leszczynek the Human Gladiator began the quest for the Orb.
     0 | D:1      | Reached XP level 1. HP: 16/16 MP: 1/1
   125 | D:1      | Found Zilupof's Book Shoppe.
   231 | D:2      | Found an opulent altar of Gozag.
   246 | D:2      | Found a faded altar of an unknown god.
   254 | D:2      | Prayed at the altar of an unknown god.
   254 | D:2      | Became a worshipper of Qazlal Stormbringer
   254 | D:2      | Reached * piety under Qazlal
   258 | D:2      | Reached XP level 2. HP: 20/22 MP: 2/2
   408 | D:3      | Reached skill level 4 in Axes
   408 | D:3      | Reached XP level 3. HP: 15/27 MP: 3/3
   438 | D:4      | Noticed a phantom
   517 | D:4      | Reached XP level 4. HP: 27/33 MP: 4/4
   587 | D:4      | Noticed a necrophage
   590 | D:4      | Noticed a phantom
   610 | D:4      | Killed a phantom
   611 | D:4      | Reached skill level 5 in Axes
   611 | D:4      | Reached XP level 5. HP: 18/38 MP: 5/5
   620 | D:4      | Reached skill level 6 in Axes
   620 | D:4      | Reached XP level 6. HP: 23/44 MP: 6/6
   854 | D:4      | Reached skill level 3 in Fighting
   886 | D:4      | Noticed an ogre
   915 | D:3      | Reached ** piety under Qazlal
   951 | D:4      | Ouch! That really hurt!
   954 | D:4      | HP: 7/70 [ogre/+0 giant club (16)]
   956 | D:4      | Killed an ogre
   957 | D:4      | Reached skill level 4 in Fighting
   957 | D:4      | Reached XP level 7. HP: 8/54 MP: 7/7
  1197 | D:5      | Entered Level 5 of the Dungeon
  1218 | D:5      | Found a shimmering altar of Xom.
  1375 | D:5      | Reached skill level 1 in Invocations
  1502 | D:5      | HP: 8/54 [scorpion (7)]
  1534 | D:5      | Reached skill level 7 in Axes
  1534 | D:5      | Reached skill level 2 in Invocations
  1666 | D:4      | HP: 7/54 [something (5)]
  1672 | D:4      | HP: 6/54 [something (2)]
  1672 | D:4      | HP: 1/54 [something (5)]
  1673 | D:4      | Slain by a sky beast

Illustrated notes

Levels and vault maps discovered:
D:1:      dpeg_arrival_fog, layout_rooms, serial_shops, shop,
          nicolae_shop_behind_doors
D:2:      layout_basic, basic_ecumenical_altar, basic_altar,
          nicolae_grassy_gnolls, uniq_natasha
D:3:      layout_rooms, st_stairs_10
D:4:      layout_gridville
D:5:      layout_gridville, dk_xom_monty_hall, nrook_mini_backslash,
          hangedman_glass_teeth, lightli_corner_chamber

Skill      XL: |  1  2  3  4  5  6  7 |
---------------+----------------------+-----
Axes           | 4 5 6 7 |  7.1
Fighting       | 4 |  4.2
Invocations    | 2 |  2.2
Throwing       | |  2.0
Dodging        | |  3.0

Action                   |  1- 3 |  4- 6 |  7- 9 || total
-------------------------+-------+-------+-------++-------
Melee: War axe           |    56 |    55 |    59 ||   170
Throw: Throwing net      |     1 |       |       ||     1
       Javelin           |       |     1 |       ||     1
Invok: Upheaval          |       |       |     1 ||     1
  Use: Potion            |       |     3 |     2 ||     5
Armor: Ring mail         |    26 |    17 |    24 ||    67
       Leather armour    |     2 |       |       ||     2
       Skin              |       |     3 |       ||     3
Dodge: Dodged            |    23 |    26 |    20 ||    69
Block: Other             |     2 |     3 |     5 ||    10

Table legend: (Time is in decaauts)
 A = Elapsed time spent in this place.
 B = Non-inter-level travel time spent in this place.
 C = Inter-level travel time spent in this place.
 D = Time resting spent in this place.
 E = Time spent auto-exploring this place.
 F = Levels seen in this place.
 G = Mean time per level.
                   A        B        C        D        E       F      G
               +--------+--------+--------+--------+--------+-----+--------+
         Total |   1749 |   1678 |     71 |    199 |      0 |   5 |  349.8 |
       Dungeon |   1749 |   1678 |     71 |    199 |      0 |   5 |  349.8 |
               +--------+--------+--------+--------+--------+-----+--------+

Top non-repeatable levels by time:
     D:4: 740 daAuts
     D:5: 447 daAuts
     D:3: 189 daAuts
     D:2: 187 daAuts
     D:1: 185 daAuts
